 Dungeon Crawl Stone Soup version 0.29.1-2-gbd0b4ee654 (webtiles) character file.

Game seed: 1339979082228916203

1746 H0rd4k the Insei (level 9, -8/58 HPs)
             Began as an Octopode Artificer on Nov 16, 2022.
             Was an Initiate of Gozag.
             Mangled by an orc warrior
             ... wielding a +0 trident
              (9 damage)
             ... in a bailey on Nov 17, 2022.
             The game lasted 00:14:13 (8557 turns).

H0rd4k the Insei (Octopode Artificer)               Turns: 8557, Time: 00:14:13

Health: -8/58      AC:  1    Str: 12    XL:     9   Next: 6%
Magic:  14/16      EV: 13    Int: 17    God:    Gozag
Gold:   1391       SH:  0    Dex: 12    Spells: 15/17 levels left

rFire   + + .      SeeInvis .     - Unarmed
rCold   x . .      Faith    .   (no shield)
rNeg    + . .      Spirit   .   (helmet restricted)
rPois   .          Reflect  .   (no amulet)
rElec   .          Harm     .   i - ring of fire
rCorr   .          Rampage  .   v - ring of protection from fire
Will    .....                   d - ring of positive energy
Stlth   ++++......              (no ring)
HPRegen 0.19/turn               (no ring)
MPRegen 0.15/turn               (no ring)
                                (no ring)
                                (no ring)

@: no status effects
A: almost no armour, amphibious, 8 rings, camouflage 1, gelatinous body 1,
nimble swimmer 1, tentacles
a: Renounce Religion, Potion Petition, Call Merchant, Bribe Branch


You were in a bailey.
You worshipped Gozag.
Gozag was most pleased with you.
You visited 1 branch of the dungeon, and saw 7 of its levels.
You also visited: Bailey.

You collected 1465 gold pieces.
You spent 65 gold pieces at shops.
You paid 9 gold pieces to Gozag.

Inventory:

Hand Weapons
 g - a +4 dagger
Missiles
 y - 2 atropa-tipped darts (quivered)
 B - 4 poisoned darts
Magical Staves
 e - a staff of cold
Jewellery
 d - a ring of positive energy (on tentacle)
 i - a ring of fire (left tentacle)
 v - a ring of protection from fire (right tentacle)
Wands
 b - a wand of flame (6)
 k - a wand of digging (2)
Scrolls
 h - 4 scrolls of teleportation {unknown}
 l - a scroll of enchant armour
 o - 2 scrolls of enchant weapon
 s - a scroll of poison {unknown}
 t - 2 scrolls of vulnerability
 w - 2 scrolls of fear
 A - a scroll of amnesia {unknown}
 C - a scroll of butterflies {unknown}
 D - a scroll of torment {unknown}
Potions
 a - 2 potions of curing {unknown}
 f - 2 potions of heal wounds
 n - a potion of might {unknown}
 r - 2 potions of flight
 u - 2 potions of haste
 x - 2 potions of invisibility
 z - 2 potions of lignification


   Skills:
 + Level 4.1 Fighting
 + Level 4.9 Throwing
 - Level 2.3 Dodging
 - Level 1.3 Stealth
 + Level 7.3 Unarmed Combat
 * Level 4.7 Spellcasting
 - Level 3.2 Evocations


You had 15 spell levels left.
You knew the following spells:

 Your Spells              Type           Power      Damage    Failure   Level
a - Ensorcelled Hibernat  Hex/Ice        6%         N/A       22%         2

Your spell library contained the following spells:

 Spells                   Type           Power      Damage    Failure   Level
 Magic Dart               Conj           12%        1d3       14%         1
 Call Imp                 Summ           3%         N/A       22%         2
 Inner Flame              Hex/Fire       5%         N/A       41%         3
 Mephitic Cloud           Conj/Pois/Air  3%         N/A       41%         3
 Ozocubu's Armour         Ice            3%         N/A       41%         3
 Spider Form              Tmut/Pois      3%         N/A       41%         3
 Anguish                  Hex/Necr       1%         N/A       82%         4
 Cause Fear               Hex            1%         N/A       82%         4
 Ozocubu's Refrigeration  Ice            1%         4d7       100%        7
 Discord                  Hex            1%         N/A       100%        8


Dungeon Overview and Level Annotations

Branches:
Dungeon (7/15)             Temple (0/1) D:7          Bailey (1/1)

Altars:
Elyvilon
Gozag
Nemelex Xobeh
Ru
Trog
Yredelemnul
Zin

Shops:
D:1 :*((*

Annotations:
D:4 exclusions: downstairs and upstairs
D:5 Dowan, Duvessa
D:6 exclusion: upstairs
D:7 Pikel


Innate Abilities, Weirdness & Mutations

You cannot wear most types of armour.
You are amphibious.
You can wear up to eight rings at the same time.
Your skin changes colour to match your surroundings (Stealth+).
Your rubbery body absorbs attacks. (AC +1, EV +1)
You are camouflaged when in or above water. (Stealth+)
You have tentacles for arms and can constrict up to eight enemies at once.


Message History

Memorise Ensorcelled Hibernation, consuming 2 spell levels and leaving 15?
The orc knight roars a battlecry!
The orc warrior goes into a battle-frenzy!
You start memorising the spell.
You continue memorising. x2
You finish memorising.
Spell assigned to 'a'.
Casting: Ensorcelled Hibernation (safe; 22% risk of failure)
Confirm with . or Enter, or press ? or * to list all spells.
Aiming: Ensorcelled Hibernation (safe; 22% risk of failure)
Press: ? - help, Shift-Dir - straight line, f/p - orc knight
Aim: an orc knight, wielding a +0 glaive and wearing a +0 ring mail (heavily wounded, chance to affect: 21%)
The orc knight resists with almost no effort.
Unknown command.
Casting: Ensorcelled Hibernation (safe; 22% risk of failure)
Confirm with . or Enter, or press ? or * to list all spells.
Aiming: Ensorcelled Hibernation (safe; 22% risk of failure)
Press: ? - help, Shift-Dir - straight line, f - orc warrior, p - orc knight
Aim: an orc warrior, wielding a +0 trident and wearing a +0 ring mail (moderately wounded, strong, chance to affect: 36%)
The orc warrior easily resists.
Unknown command.
Aiming: Throw Flame
Press: ? - help, Shift-Dir - straight line, f/p - orc warrior
Aim: an orc warrior, wielding a +0 trident and wearing a +0 ring mail (moderately wounded, strong, 64% to hit)
The puff of flame misses the orc warrior.
Unknown command.
Aiming: Throw Flame
Press: ? - help, Shift-Dir - straight line, f/p - orc warrior
Aim: an orc warrior, wielding a +0 trident and wearing a +0 ring mail (moderately wounded, strong, 64% to hit)
The puff of flame hits the orc warrior.
The orc warrior is moderately wounded.
Unknown command.
The orc warrior is engulfed in a cloud of scalding steam.
The orc knight is engulfed in a cloud of scalding steam.
The orc knight is engulfed in a cloud of scalding steam.
The orc warrior no longer looks unusually strong.
The orc warrior hits you with a +0 trident!
The orc knight hits you from afar with a +0 glaive!!
* * * LOW HITPOINT WARNING * * *
The orc warrior hits you from afar with a +0 trident!
You die...
Your body crumbles into a pile of gold.

#..........#
##..........##
###............#
♣♣............♣.#
#♣..♣.♣.......♣♣.###
#≈≈.....o..........♣♣
#≈≈≈...o#....#......♣♣
#≈≈≈≈≈≈≈#o...#≈≈≈≈...♣
#≈≈≈≈≈@≈#.o..#≈≈≈≈≈≈.♣
#≈≈≈≈≈≈≈#....#≈≈≈§≈≈≈♣♣
#♣♣≈≈≈≈≈#....#≈≈≈§≈≈≈≈≈
♣♣♣♣...#....#$$.≈≈≈≈≈≈
#♣....♣............≈≈≈≈
#...................≈≈≈
#..####........####..≈≈
##.#$.####'$####.$#♣♣♣♣
###..$..$$$$.$...#


You could see an orc knight and an orc warrior.

Vanquished Creatures
  An orc warrior (Bailey)
  2 ice beasts
  A black bear (D:5)
  3 ogres
  A bullfrog (D:7)
  4 scorpions
  A hound (D:7)
  4 orc priests
  3 iguanas
  4 orc wizards
  8 adders
  2 gnolls (D:6)
  A shadow imp (D:6)
  7 worms
  2 dart slugs
  15 orcs
  8 ball pythons
  6 endoplasms
  2 giant cockroaches
  2 goblins
  8 hobgoblins
  5 jackals (D:1)
  7 kobolds
  2 quokkas
  6 bats
  6 frilled lizards
  6 rats
117 creatures vanquished.

Vanquished Creatures (collateral kills)
  An orc warrior (Bailey)
  A gnoll bouda (D:6)
  2 iguanas (D:4)
  An orc wizard (D:5)
  9 orcs
  A kobold (D:4)
15 creatures vanquished.

Vanquished Creatures (others)
  3 orc warriors (Bailey)
  3 gnolls (D:6)
6 creatures vanquished.

Grand Total: 138 creatures vanquished

Notes
Turn   | Place    | Note
-------+----------+-------------------------------------------
     0 | D:1      | H0rd4k the Octopode Artificer began the quest for the Orb.
     0 | D:1      | Reached XP level 1. HP: 13/13 MP: 1/1
   137 | D:1      | Reached XP level 2. HP: 7/18 MP: 1/3
   360 | D:1      | Found Magyuwk's General Store.
   418 | D:1      | Found Olyasio's Weapon Shoppe.
   430 | D:1      | Found Vopsis's Weapon Shoppe.
   437 | D:1      | Reached skill level 1 in Spellcasting
   459 | D:1      | Found Xeackih's General Store.
  1180 | D:1      | Found Qewohil's Book Shop.
  1191 | D:1      | Reached XP level 3. HP: 20/24 MP: 4/4
  1582 | D:2      | Reached skill level 1 in Unarmed Combat
  1771 | D:2      | Found an opulent altar of Gozag.
  1791 | D:2      | Found a faded altar of an unknown god.
  1792 | D:2      | Became a worshipper of Gozag Ym Sagoz the Greedy
  2667 | D:1      | Bought a potion of heal wounds for 65 gold pieces
  2981 | D:3      | Reached XP level 4. HP: 29/29 MP: 6/6
  3064 | D:3      | Reached skill level 2 in Unarmed Combat
  3808 | D:4      | Noticed an ogre
  3819 | D:4      | Reached XP level 5. HP: 35/35 MP: 8/8
  4205 | D:4      | Reached skill level 3 in Unarmed Combat
  4386 | D:4      | Reached skill level 1 in Throwing
  4386 | D:4      | Reached XP level 6. HP: 35/42 MP: 9/9
  4924 | D:4      | Reached skill level 4 in Unarmed Combat
  5465 | D:4      | Noticed a moth of wrath
  5468 | D:4      | Found a bloodstained altar of Trog.
  5497 | D:4      | Reached XP level 7. HP: 29/46 MP: 11/11
  5864 | D:5      | Entered Level 5 of the Dungeon
  5932 | D:5      | Noticed Dowan
  5934 | D:5      | Noticed Duvessa
  6490 | D:6      | Reached skill level 5 in Unarmed Combat
  6506 | D:6      | Reached XP level 8. HP: 30/54 MP: 13/13
  7037 | D:5      | Found a sacrificial altar of Ru.
  7040 | D:5      | Found an opulent altar of Gozag.
  7043 | D:5      | Found a basalt altar of Yredelemnul.
  7115 | D:5      | Found a sparkling altar of Nemelex Xobeh.
  7196 | D:5      | Reached skill level 6 in Unarmed Combat
  7601 | D:5      | Found a glowing silver altar of Zin.
  7602 | D:5      | Found a white marble altar of Elyvilon.
  8103 | D:6      | Identified the +0 robe of Midwinter {Dex+2 Stlth+}
  8270 | D:7      | Noticed a shadow
  8334 | D:7      | Identified a scroll of acquirement
  8334 | D:7      | Acquired 666 gold pieces
  8355 | D:7      | Noticed Pikel
  8392 | D:7      | Found a flagged portal.
  8401 | Bailey   | Entered a bailey
  8504 | Bailey   | Noticed an orc knight
  8505 | Bailey   | Reached skill level 7 in Unarmed Combat
  8522 | Bailey   | Reached XP level 9. HP: 31/58 MP: 14/16
  8541 | Bailey   | Learned a level 2 spell: Ensorcelled Hibernation
  8556 | Bailey   | HP: 1/58 [orc knight/+0 glaive (21)]
  8557 | Bailey   | Mangled by an orc warrior

Illustrated notes

Levels and vault maps discovered:
D:1:      minmay_arrival_widening_spiral_wide, layout_basic, serial_shops,
          nicolae_lakefront_shop, shop, nicolae_shop_statue_plus,
          nicolae_square_shop, nicolae_shop_stone
D:2:      layout_basic, basic_ecumenical_altar, basic_altar
D:3:      layout_basic, serial_shops, nicolae_lakefront_shop
D:4:      layout_loops_ring, tgw_trog, wad_rectangle_vault
D:5:      minmay_general_purpose_star, layout_basic,
          grunt_temple_overflow_cloverleaf, mainiacjoe_overflow_divided_tiny,
          uniq_duvessa
D:6:      layout_loops_ring, nicolae_shop_self_help
D:7:      layout_basic, minmay_temple_entry_offerings, enter_bailey_8,
          feat_on_display, uniq_pikel, uniq_menkaure
Bailey:   bailey_polearm_elven_captive_hellmonk, bailey

Skill      XL: |  1  2  3  4  5  6  7  8 |
---------------+-------------------------+-----
Spellcasting   | 1 2 3 4 |  4.7
Unarmed Combat | 1 2 3 4 5 7 |  7.3
Fighting       | 2 3 4 |  4.1
Throwing       | 1 2 3 4 |  4.9
Dodging        | |  2.3
Stealth        | |  1.3
Evocations     | |  3.2

Action                   |  1- 3 |  4- 6 |  7- 9 || total
-------------------------+-------+-------+-------++-------
Melee: Unarmed           |    93 |   105 |    87 ||   285
       Constrict         |    22 |    28 |    28 ||    78
       Tentacles         |    25 |    37 |    22 ||    84
       Club              |     1 |       |       ||     1
       Punch             |     2 |     2 |     4 ||     8
Throw: Dart              |       |    35 |    31 ||    66
 Cast: Ensorcelled Hiber |       |       |     2 ||     2
Evoke: Wand              |     5 |     9 |    38 ||    52
  Use: Potion            |     3 |       |       ||     3
       Scroll            |       |       |    10 ||    10
 Stab: Sleeping          |     8 |     5 |     2 ||    15
       Betrayed ally     |       |     1 |       ||     1
       Distracted        |       |       |     1 ||     1
Armor: Skin              |     6 |     2 |     2 ||    10
Dodge: Dodged            |    65 |    56 |    55 ||   176
